AoeStats
← Ux'RaúlME

Arena

507864103Analyzed
2v2 RM · 13d ago on Sep 20, 2026· 53m 1s· 4 players
Game mode
Random Map
Map size
Medium (4 player)
Population
200
Speed
Normal
Resources
Standard
Victory
Conquest
Starting age
Dark Age
Ending age
Imperial Age
RankedLock teamsTeams togetherTeam positionsShared explorationLock speedFull tech treeHidden civsTurbo modeCheats
Victory
Defeat
🇨🇱 Mongols · Chile
1246
+13
🇵🇪 Muisca · Peru
1182
+16
🇲🇽 Burgundians · Mexico
1233
-16
🇲🇽 Celts · Mexico
1134
-13
[CL]Jigsaw
1:06 Loom
10:27 Feudal Age
15:05 Castle Age
13:37 Double-Bit Axe
14:25 Horse Collar
16:09 Heavy Plow
17:24 Town Watch
23:24 Wheelbarrow
23:04 Bow Saw
29:37 Imperial Age
27:40 Fletching
28:25 Bodkin Arrow
28:36 Scale Barding Armor
28:42 Gold Mining
30:02 Ballistics
29:38 Murder Holes
30:39 Gold Shaft Mining
30:50 Conscription
30:35 Bracer
31:31 Chain Barding Armor
32:06 Padded Archer Armor
32:53 Hoardings
32:50 Forging
33:16 Light Cavalry
34:07 Bloodlines
33:57 Husbandry
34:34 Iron Casting
35:01 Elite Mangudai
36:07 Drill
36:13 Hussar
39:23 Capped Ram
43:06 Stone Mining
45:35 Hand Cart
45:20 Town Patrol
45:17 Heavy Scorpion
⚡ MACE WINDU ⚡
10:09 Feudal Age
11:11 Loom
14:29 Castle Age
13:44 Double-Bit Axe
21:19 Fletching
23:25 Wheelbarrow
26:24 Hand Cart
31:47 Imperial Age
29:05 Pikeman
30:33 Bow Saw
30:05 Horse Collar
30:41 Bow Saw
30:42 Forging
31:36 Squires
32:01 Bodkin Arrow
32:09 Scale Mail Armor
32:45 Stone Mining
35:46 Iron Casting
35:27 Chain Mail Armor
34:57 Crossbowman
38:12 Bracer
39:49 Arbalester
47:56 Champi Runner
48:45 Champi Warrior
49:39 Elite Champi Warrior
51:07 Plate Mail Armor
52:03 Heavy Plow
51:56 Gold Mining
Ux'RaúlME
3:12 Double-Bit Axe
3:27 Double-Bit Axe
11:10 Feudal Age
10:10 Loom
11:38 Stone Mining
12:16 Loom
15:10 Castle Age
13:30 Bow Saw
13:20 Gold Mining
13:20 Stone Mining
13:20 Gold Mining
13:20 Stone Mining
13:54 Horse Collar
15:09 Heavy Plow
19:17 Crop Rotation
25:50 Wheelbarrow
25:03 Town Watch
25:54 Murder Holes
30:19 Imperial Age
28:24 Fletching
29:43 Gold Shaft Mining
28:59 Stone Mining
29:35 Hand Cart
30:02 Scale Barding Armor
30:18 Forging
32:11 Two-Man Saw
31:55 Chain Barding Armor
32:10 Iron Casting
32:39 Iron Casting
33:31 Plate Barding Armor
33:25 Bodkin Arrow
35:37 Chemistry
34:39 Padded Archer Armor
36:22 Conscription
39:20 Scale Mail Armor
40:26 Blast Furnace
39:53 Bracer
40:08 Leather Archer Armor
39:54 Bracer
40:09 Leather Archer Armor
39:16 Elite Skirmisher
40:20 Ballistics
43:53 Scale Mail Armor
44:56 Hoardings
Ux'RaulitoMD
11:57 Feudal Age
13:21 Double-Bit Axe
15:43 Castle Age
14:09 Horse Collar
14:57 Loom
15:56 Wheelbarrow
15:10 Town Watch
15:42 Stone Mining
16:15 Scale Mail Armor
25:46 Gold Mining
26:32 Stone Shaft Mining
26:20 Fletching
27:10 Gold Shaft Mining
27:45 Fortified Wall
27:30 Murder Holes
28:30 Forging
28:36 Chain Mail Armor
32:56 Imperial Age
30:44 Hand Cart
31:18 Stronghold
31:33 Bodkin Arrow
32:45 Town Patrol
35:09 Chemistry
34:21 Masonry
34:49 Furor Celtica
36:40 Padded Archer Armor
37:12 Plate Mail Armor
37:18 Iron Casting
36:49 Scale Barding Armor
37:10 Ballistics
36:42 Guard Tower
36:25 Elite Skirmisher
36:56 Treadmill Crane
37:41 Leather Archer Armor
38:05 Iron Casting
41:54 Ring Archer Armor
45:15 Blast Furnace
52:59 Caravan
52:49 Pikeman
Connection lost

Rejoining the realm…

Still unreachable

The connection could not be restored.

Session expired

The server has moved on; the page needs a fresh start.